Map: Ascension to Aiur LE

Players

Stephano

  • Race: Zerg Zerg
  • League: Grandmaster
  • Spawn Location: 11:00

Namshar

  • Race: Zerg Zerg
  • League: Master
  • Spawn Location: 5:00

Event: WESG Barcelona European Finals 2017

VOD

Have the link to the VOD?

Description

Time

  • Played on: Nov. 23, 2017, 7:40 a.m.
  • Length: 8:50

All games in this series

Show
View Real Time Build Order
Export as new Build Order

Stephano Zerg 

Build Orders: Hatch First 

Get SALT Encoding   

  12  0:00  Drone  
  13  0:12  Overlord  
  13  0:17  Drone  
  14  0:31  Drone x2  
  14  0:35  Drone  
  17  0:52  Hatchery  
  17  0:55  Drone  
  17  0:58  Drone  
  18  1:09  Extractor  
  17  1:13  Spawning Pool  
  17  1:16  Drone  
  17  1:19  Drone  
  18  1:28  Drone  
  19  1:39  Overlord  
  19  1:50  Drone  
  20  1:59  Queen  
  20  2:01  Zergling x2  
  23  2:04  Queen, Drone  
  26  2:11  Drone  
  26  2:13  Metabolic Boost  
  27  2:15  Drone  
  28  2:23  Drone  
  28  2:25  Drone  
  30  2:33  Drone  
  30  2:35  Queen  
  33  2:41  Drone  
  34  2:46  Hatchery  
  34  2:50  Drone  
  34  2:52  Overlord  
  34  3:01  Zergling x4  
  34  3:03  Baneling Nest  
  35  3:05  Overlord  
  35  3:09  Drone  
  35  3:10  Drone  
  37  3:14  Drone x2  
  37  3:17  Zergling x2  
  37  3:18  Zergling x2  
  41  3:21  Drone  
  41  3:25  Drone  
  41  3:26  Drone  
  44  3:30  Zergling x2  
  46  3:34  Drone  
  46  3:41  Drone  
  46  3:44  Drone x3  
  46  3:46  Baneling x2  
  46  3:48  Drone x2  
  52  3:51  Overlord  
  52  3:53  Overlord  
  52  4:00  Drone x2, Overlord  
  54  4:03  Extractor  
  54  4:06  Baneling x2, Roach Warren  
  54  4:08  Zergling x4  
  54  4:12  Zergling x2  
  54  4:15  Drone  
  54  4:16  Drone  
  57  4:17  Extractor  
  57  4:18  Drone x2  
  57  4:22  Zergling x6  
  61  4:26  Zergling x2  
  61  4:27  Zergling x2  
  62  4:34  Zergling x8  
  62  4:36  Drone x2  
  66  4:55  Overlord  
  66  4:56  Drone x2  
  66  4:57  Drone  
  66  4:58  Overlord  
  68  5:01  Drone x3  
  68  5:02  Lair  
  68  5:03  Overlord  
  67  5:12  Overlord  
  61  5:15  Drone  
  61  5:16  Overlord  
  61  5:17  Drone x2  
  61  5:18  Drone x2  
  62  5:23  Zergling x2  
  62  5:27  Evolution Chamber  
  62  5:30  Zergling x4  
  62  5:31  Roach x4  
  71  5:40  Roach  
  72  5:51  Drone x2  
  72  5:52  Drone x2, Extractor  
  72  5:53  Drone  
  72  5:54  Zerg Missile Weapons Level 1, Extractor  
  75  5:57  Baneling x2  
  75  6:01  Drone x5, Glial Reconstitution  
  75  6:02  Drone  
  81  6:04  Hatchery  
  81  6:07  Roach x2  
  81  6:08  Roach  
  81  6:09  Drone x3  
  89  6:20  Drone  
  89  6:21  Drone x2  
  89  6:25  Drone  
  92  6:26  Overseer  
  92  6:31  Roach x7  
  103  6:34  Extractor  
  103  6:36  Roach  
  103  6:37  Roach x3  
  110  6:46  Evolution Chamber  
  109  6:48  Roach, Ravager  
  109  6:49  Roach x2  
  113  6:57  Roach x5  
  113  7:00  Roach  
  113  7:01  Overlord x3, Ravager  
  122  7:04  Roach x2  
  122  7:07  Spine Crawler  
  122  7:08  Overlord x2  
  121  7:12  Overlord  
  121  7:17  Roach x2  
  121  7:20  Roach  
  121  7:21  Roach  
  129  7:23  Roach x2  
  129  7:24  Roach  
  129  7:26  Roach, Ravager  
  129  7:27  Ravager  
  139  7:30  Roach  
  139  7:31  Roach  
  139  7:33  Roach x2  
  147  7:47  Roach x2  
  147  7:48  Roach x2  
  147  7:50  Drone x2, Overlord  
  157  7:56  Overlord  
  157  7:59  Drone x2  
  157  8:00  Overlord  
  157  8:05  Overlord x2  
  159  8:09  Overlord  
  159  8:14  Drone x2  
  163  8:20  Roach x6  
  163  8:26  Spine Crawler  
  184  8:48  Spine Crawler  
Show
View Real Time Build Order
Export as new Build Order

Namshar Zerg 

Build Orders: Hatch First 

Get SALT Encoding   

  12  0:00  Drone  
  13  0:12  Overlord  
  13  0:16  Drone  
  14  0:30  Drone x2  
  14  0:34  Drone  
  17  0:51  Hatchery  
  17  0:54  Drone  
  17  0:57  Drone  
  18  1:07  Extractor  
  17  1:12  Spawning Pool  
  17  1:15  Drone  
  17  1:18  Drone  
  18  1:27  Drone  
  19  1:38  Overlord  
  19  1:49  Drone  
  20  1:59  Zergling x2, Queen  
  23  2:03  Zergling x2, Queen  
  23  2:06  Metabolic Boost  
  26  2:11  Zergling x2  
  26  2:15  Drone  
  28  2:22  Drone  
  29  2:25  Drone  
  29  2:28  Baneling Nest  
  29  2:32  Drone  
  30  2:40  Drone  
  30  2:43  Drone  
  32  2:51  Hatchery  
  31  2:54  Overlord  
  31  2:57  Drone  
  32  2:59  Drone  
  32  3:05  Overlord  
  33  3:11  Drone x2  
  33  3:12  Drone  
  36  3:14  Drone  
  36  3:17  Zergling x2  
  38  3:21  Baneling x2  
  38  3:23  Zergling x2  
  39  3:28  Overlord  
  39  3:29  Zergling x2, Drone  
  39  3:33  Zergling x2  
  42  3:41  Queen  
  44  3:44  Drone x2  
  44  3:46  Baneling x2  
  44  3:47  Zergling x4  
  47  3:56  Drone x3  
  47  3:57  Drone  
  47  4:01  Drone  
  52  4:09  Drone x3  
  55  4:11  Extractor  
  55  4:12  Evolution Chamber  
  55  4:13  Drone  
  55  4:14  Drone, Roach Warren  
  54  4:17  Drone  
  54  4:23  Lair  
  55  4:30  Zergling x4  
  55  4:34  Drone x2  
  55  4:35  Drone, Overlord x2  
  57  4:40  Zergling x2  
  58  4:48  Baneling  
  57  4:56  Zergling x2  
  57  4:57  Zergling x6  
  57  5:01  Zerg Missile Weapons Level 1  
  57  5:05  Drone x5  
  58  5:08  Zergling x2  
  58  5:09  Zergling x6  
  56  5:18  Drone x3  
  57  5:24  Baneling x2  
  57  5:29  Glial Reconstitution  
  57  5:30  Drone  
  57  5:35  Drone  
  58  5:44  Drone x2  
  58  5:46  Drone x4  
  58  5:49  Drone  
  63  5:50  Drone x2  
  63  5:52  Extractor  
  64  5:58  Drone x2  
  66  6:04  Drone x3  
  66  6:05  Evolution Chamber  
  66  6:08  Roach x6, Hatchery  
  66  6:10  Roach  
  81  6:13  Overlord  
  81  6:24  Overlord x2  
  80  6:27  Roach  
  80  6:31  Zerg Ground Armor Level 1  
  82  6:35  Drone, Extractor  
  82  6:36  Drone x3  
  82  6:39  Drone x4  
  89  6:42  Extractor x2  
  89  6:43  Drone x2  
  89  6:44  Drone  
  86  6:59  Drone x2  
  86  7:00  Drone  
  87  7:03  Overlord x2  
  87  7:07  Overlord x2  
  87  7:12  Ravager x3  
  87  7:14  Ravager  
  87  7:15  Queen  
  91  7:18  Overlord x2  
  91  7:21  Roach x2  
  91  7:22  Roach x2  
  101  7:28  Roach x4  
  109  7:31  Roach x2  
  109  7:32  Roach  
  115  7:40  Roach x5  
  125  7:51  Roach x7  
  139  7:57  Roach  
  139  7:58  Roach x4  
  149  8:01  Roach x2  
  149  8:04  Roach x2  
  157  8:08  Overlord  
  157  8:14  Overlord x3  
  157  8:19  Roach  
  159  8:26  Overlord x2  
  159  8:27  Roach x4  
Tags
 
Add a new tag
Caveats
  • Supply blocks, unpowered buildings, or Contaminate may cause inaccurate times.
  • Supply counts are checked every 10 seconds.